 Dungeon Crawl Stone Soup version 0.28-a0-957-g42eb19b844 (webtiles) character file.

Game seed: 7920921776166455972

103670 Goblin1989 the Fencer (level 16, 0/104 HPs)
             Began as a Tengu Fighter on Nov 30, 2021.
             Was the Champion of Okawaru.
             Slain by Asterion (23 damage)
             ... on level 1 of the Spider Nest.
             The game lasted 01:02:09 (28618 turns).

Goblin1989 the Fencer (Tengu Fighter)              Turns: 28618, Time: 01:02:10

Health: 0/104      AC: 29    Str: 29    XL:     16   Next: 36%
Magic:  24/24      EV: 28    Int: 11    God:    Okawaru [******]
Gold:   3659       SH: 14    Dex: 14    Spells: 15/15 levels left

rFire   . . .      SeeInvis +   a - +12 long sword of the Hawk {god gift, drain, Fly Str+5}
rCold   . . .      Faith    .   s - +0 tower shield
rNeg    . . .      Spirit   .   i - +6 chain mail of Nicatyho {god gift, Fly Will+ SInv}
rPois   +          Reflect  .   t - +3 crown of Dyrovepreva {rElec Int+2 SInv}
rElec   +          Harm     .   L - +0 cloak
rCorr   .          Rampage  .   H - +0 pair of gloves
Will    ++...                   (boots unavailable)
Stlth   ..........              l - amulet of the acrobat
HPRegen 0.27/turn               h - +4 ring of protection
MPRegen 0.19/turn               o - ring of poison resistance

@: lethally poisoned (0 -> -3), acrobatic, flying quickly and evasively,
studying 4 skills, unable to read, quick
A: beak, talons 3, nimble flight, screaming 1, inability to read while
threatened
a: Renounce Religion, Heroism, Finesse, Duel


You were on level 1 of the Spider Nest.
You worshipped Okawaru.
Okawaru was exalted by your worship.
You visited 5 branches of the dungeon, and saw 25 of its levels.
You also visited: Bailey.

You collected 4082 gold pieces.
You spent 423 gold pieces at shops.

Inventory:

Hand Weapons
 a - the +12 long sword of the Hawk (weapon) {god gift, drain, Fly Str+5}
   (Okawaru gifted it to you on level 10 of the Dungeon)

   A truly terrible weapon, it drains the life of any living foe it strikes.
   Str:       It affects your strength (+5).
   Fly:       It grants you flight.
 b - a +6 quick blade of freezing
 e - the +7 flail of the Disturbing Beds {holy, +Blink}
   (You found it on level 13 of the Dungeon)

   It has been blessed by the Shining One to cause great damage to the undead
   and demons.
   +Blink:    It lets you blink.
 F - a +4 scimitar of flaming
 U - the +11 rapier of Omoalomp {vorpal, Will+}
   (You acquired it on level 12 of the Dungeon)

   It inflicts extra damage upon your enemies.
   Will:      It increases your willpower.
Missiles
 f - 22 boomerangs (quivered)
 g - 43 javelins {@Q2}
 G - 2 curare-tipped darts
 Z - 2 throwing nets {!d , @Q1}
Armour
 i - the +6 chain mail of Nicatyho (worn) {god gift, Fly Will+ SInv}
   (Okawaru gifted it to you on level 4 of the Lair of Beasts)

   SInv:      It lets you see invisible.
   Fly:       It grants you flight.
   Will:      It increases your willpower.
 s - a +0 tower shield (worn)
 t - the +3 crown of Dyrovepreva (worn) {rElec Int+2 SInv}
   (You found it on level 3 of the Lair of Beasts)

   Int:       It affects your intelligence (+2).
   rElec:     It insulates you from electricity.
   SInv:      It lets you see invisible.
 H - a +0 pair of gloves (worn)
 L - a +0 cloak (worn)
Jewellery
 c - a ring of protection from cold
 h - a +4 ring of protection (left hand)
 l - an amulet of the acrobat (around neck)
 o - a ring of poison resistance (right hand)
 r - an amulet of regeneration
 E - a ring of positive energy
 X - a ring of protection from cold
Wands
 k - a wand of digging (3) {@v1}
 v - a wand of paralysis (8) {@v7}
 O - a wand of iceblast (9) {@v4}
 P - a wand of flame (87) {@v6}
 S - a wand of acid (13) {@v2}
Scrolls
 n - a scroll of enchant weapon
 q - 3 scrolls of immolation
 u - 4 scrolls of amnesia
 y - 3 scrolls of vulnerability
 A - 5 scrolls of fear
 B - 2 scrolls of enchant armour
 I - a scroll of torment
 J - 2 scrolls of brand weapon
 M - a scroll of magic mapping
 N - a scroll of fog
 R - 4 scrolls of identify {@r1}
 T - 4 scrolls of teleportation {!r, @r2}
 W - 2 scrolls of holy word
Potions
 d - 2 potions of might {@q4}
 j - 4 potions of mutation {!q}
 m - 2 potions of berserk rage
 p - a potion of resistance {@q6}
 w - a potion of invisibility
 x - a potion of ambrosia
 z - 2 potions of heal wounds {@q2}
 D - 2 potions of haste {@q3,}
 K - 2 potions of cancellation
 Q - 6 potions of attraction
 V - 7 potions of curing {@q1}
 Y - 5 potions of lignification
Miscellaneous
 C - a phial of floods


   Skills:
 + Level 13.1 Fighting
 - Level 7.2(12.2) Short Blades
 - Level 15.3(16.0) Long Blades
 + Level 9.9 Throwing
 + Level 14.0 Armour
 + Level 13.2 Dodging
 + Level 6.9 Shields
 + Level 10.2 Invocations
 - Level 4.0 Evocations


You had 15 spell levels left.
You didn't know any spells.
Your spell library contained the following spells:

 Spells                   Type           Power      Damage    Failure   Level
 Magic Dart               Conj           0%         1d3       100%        1
 Passwall                 Tmut/Erth      0%         N/A       100%        2
 Mephitic Cloud           Conj/Pois/Air  0%         N/A       100%        3
 Stone Arrow              Conj/Erth      0%         3d7       100%        3
 Swiftness                Air            0%         N/A       100%        3
 Lehudib's Crystal Spear  Conj/Erth      0%         10d2      100%        8
 Call Imp                 Summ           Unusable   N/A       N/A         2
 Animate Armour           Summ/Erth      Unusable   N/A       N/A         4

Dungeon Overview and Level Annotations

Branches:
Dungeon (15/15)            Temple (1/1) D:4            Lair (6/6) D:11
 Shoals (0/4) Lair:2       Spider (1/4) Lair:2        Slime (0/5) Lair:6
    Orc (2/2) D:12            Elf (0/3) Orc:2        Vaults (0/5) D:14
 Depths (0/4) D:15         Bailey (visited)

Altars:
Ashenzari
Cheibriados
Dithmenos
Elyvilon
Fedhas
Gozag
Hepliaklqana
Kikubaaqudgha
Makhleb
Nemelex Xobeh
Okawaru
Qazlal
Ru
Sif Muna
Trog
Uskayaw
Vehumet
Wu Jian
Xom
Yredelemnul
Zin
The Shining One
Beogh
Jiyva

Shops:
D:5 *   D:7 !((   Orc:2 ?(*[:

Portals:
Trove: D:11 (give +2 shadow dragon scales)

Annotations:
D:7 Joseph
D:15 1 runed translucent door, Tenar's ghost, journeyman DsEE
Lair:4 exclusion: 4 oklob plants
Spider:1 Asterion


Innate Abilities, Weirdness & Mutations

You have a beak for a mouth.
You have claws for feet.
Your magical nature lets you fly swiftly and evasively.
You occasionally shout uncontrollably at your foes.
You sometimes lose the ability to read scrolls when taking damage.


Message History

The wolf spider is heavily wounded.
You block the wolf spider's attack.
The wolf spider bites you but does no damage.
An orb spider comes into view.
You block the wolf spider's attack.
The wolf spider bites you but does no damage.
The jumping spider leaps!
The boulder beetle curls into a ball and begins rolling!
You block the wolf spider's attack. x2
You hit the wolf spider. You drain the wolf spider. You claw the wolf spider.
The wolf spider is severely wounded.
The wolf spider hits you but does no damage.
You block the wolf spider's attack. You block Asterion's attack.
Asterion gores you but does no damage. The wolf spider barely misses you.
The wolf spider bites you but does no damage.
The wolf spider hits you but does no damage.
The wolf spider bites you but does no damage.
You slash the wolf spider! Your kick misses the wolf spider.
You peck the wolf spider.
You kill the wolf spider!
Okawaru accepts your kill.
Asterion screams, "Stop staring at me!"
Asterion hits you but does no damage. Asterion gores you!
Asterion hits you with a +5 demon whip of venom.
You block Asterion's attack.
The wolf spider hits you but does no damage.
You block the wolf spider's attack.
You take 9 damage, and have 83/104 hp.
Asterion blocks your attack.
You claw Asterion, but do no damage. You block Asterion's attack.
Asterion barely misses you. The wolf spider hits you!
The wolf spider misses you.
A redback comes into view.
The wolf spider hits you but does no damage.
You block the wolf spider's attack.
The boulder beetle stops rolling and uncurls.
A redback comes into view.
Asterion completely misses you. Asterion gores you but does no damage.
The wolf spider hits you! The wolf spider bites you.
* * * LOW HITPOINT WARNING * * *
You are too injured to fight recklessly!
You take 37 damage, and have 46/104 hp.
MASSIVE DAMAGE!!
You are too injured to fight recklessly!
You are too injured to fight recklessly!
You are too injured to fight recklessly!
You are too injured to fight recklessly!
You are too injured to fight recklessly!
Unknown command.
You block the wolf spider's attack. x2
The jumping spider leaps!
The cacodemon gestures next to you.
Some rock shatters into small pieces.
You block the jumping spider's attack. x2
You hit the jumping spider. You claw the jumping spider!
The jumping spider is moderately wounded.
Asterion hits you with a +5 demon whip of venom!
* * * LOW HITPOINT WARNING * * *
You are poisoned.
Asterion barely misses you. You block the wolf spider's attack.
The wolf spider bites you but does no damage.
The demonic crawler hits you but does no damage.
You block the demonic crawler's attack.
The demonic crawler hits you but does no damage.
The jumping spider pounces on you but does no damage.
You block the jumping spider's attack. Asterion hits you but does no damage.
You block Asterion's attack.
You take 14 damage, and have 33/104 hp.
Found a scroll of noise.
You feel very sick. The wolf spider completely misses you.
The wolf spider bites you but does no damage.
You take 3 damage, and have 30/104 hp.
You feel very sick. The jumping spider barely misses you.
The jumping spider completely misses you.
You take 2 damage, and have 28/104 hp.
You feel sick.
The boulder beetle leaps!
The orb spider begins to weave its threads into a brightly glowing ball.
You take 2 damage, and have 26/104 hp.
Okay, then.
As you read the scroll of fear, it crumbles to dust.
You assume a fearsome visage.
Asterion resists with almost no effort.
The wolf spider looks frightened! x2; The orb spider looks frightened!
The jumping spider resists with some effort.
The redback looks frightened! x3; The boulder beetle looks frightened!
The demonic crawler easily resists.
The cacodemon resists with almost no effort.
You feel sick.
The jumping spider leaps!
Asterion barely misses you. You block Asterion's attack.
The boulder beetle leaps!
You take 1 damage, and have 25/104 hp.
You feel sick. The cacodemon gestures at you.
Strange energies course through your body.
You lose the ability to read scrolls when threatened.
You block the demonic crawler's attack.
The demonic crawler completely misses you.
You block the demonic crawler's attack.
You take 2 damage, and have 23/104 hp.
You feel sick.
Asterion hits you with a +5 demon whip of venom!!
You feel threatened and lose the ability to read scrolls!
You die...

▓▓▓▓▓▓▓▓█████▓████████▓▓▓▓▓▓▓▓▓▓▓
▓·····▓▓≈....██......██≈≈▓▓·····▓
·····▓^·≈≈...█.......█≈≈≈▓≈▓·····
··▓·····........@....≈≈≈≈≈·······
········██......Hs...█.≈.≈·······
········.......2..s......····▓▓▓·
········.....█..........·.▓······
·····▓··......$°.s..██....····▓··
·····▓··.........°...█....·······
····^···?....s█....†...█.^·····▓·
▓▓··▓≈▓·.█.).......s......·····▓≈
·········██........s...█..·······


You could see Asterion (fast), a cacodemon (summoned), a demonic crawler, a wolf
spider (fleeing), an orb spider (charged, fleeing), a jumping spider and a
redback (fleeing).

Vanquished Creatures
  Frances (D:13)
  Kirke (D:14)
  Louise (D:15)
  An orc warlord (Orc:2)
  An ironbound preserver (D:14)
  Snorg (D:12)
  A fire dragon (D:15)
  Josephine (D:13)
  2 boulder beetles
  13 hydras
  A rakshasa (D:14)
  Harold (D:7)
  An ice dragon (D:15)
  Erica (D:11)
  An ogre mage (D:15)
  A death knight (D:13)
  5 centaur warriors
  9 two-headed ogres
  An orc high priest (Orc:2)
  7 death yaks
  Urug (Lair:4)
  Sonja (Orc:2)
  Nergalle (Orc:2)
  5 skeletal warriors (D:12)
  A wizard (D:14)
  A phantasmal warrior (D:13)
  2 orc sorcerers (Orc:2)
  3 deep elf pyromancers
  A wolf spider (Spider:1)
  5 orc knights (Orc:2)
  16 slime creatures
  3 manticores
  7 ugly things
  4 cyclopes
  10 elephants
  A salamander (shapeshifter) (D:15)
  A merfolk siren (Lair:2)
  3 black mambas
  3 centaur zombies
  2 gargoyles
  9 cane toads
  4 yaktaurs (D:15)
  Psyche (D:11)
  A kobold demonologist (D:9)
  5 rime drakes
  12 komodo dragons
  An efreet (D:14)
  2 freezing wraiths (D:14)
  A meliai (shapeshifter) (D:11)
  2 trolls (Orc:2)
  3 jumping spiders (Lair:2)
  13 polar bears
  3 hornets
  9 dream sheep
  Grinder (D:3)
  15 blink frogs
  A tarantella (Spider:1)
  2 redbacks (Lair:2)
  12 spriggans (Lair:6)
  8 wraiths
  A vampire (D:11)
  4 hogs (D:14)
  Eustachio (D:6)
  2 wyverns
  A human (D:14)
  6 basilisks
  46 yaks
  2 steam dragons (D:8)
  11 vampire mosquitoes
  6 wargs
  15 water moccasins
  An acid dragon (D:11)
  A floating eye (shapeshifter) (D:15)
  4 black bears
  34 orc warriors
  2 sky beasts (D:6)
  5 boggarts (Lair:6)
  7 ogres
  27 wolves
  18 centaurs
  2 phantoms
  10 bullfrogs
  A wyvern zombie (D:8)
  A gnoll sergeant (D:8)
  A scorpion (D:7)
  A water moccasin zombie (D:7)
  8 killer bees
  4 wights (D:7)
  A howler monkey (D:13)
  A jelly (D:7)
  A hound (D:3)
  17 orc priests
  A centaur skeleton (D:6)
  Jessica (D:3)
  Natasha (twice) (D:3)
  Terence (D:2)
  5 iguanas
  20 orc wizards
  A scorpion zombie (D:5)
  4 hell rats (Lair:4)
  2 howler monkey skeletons (D:6)
  8 gnolls (D:8)
  8 adders
  A worm (D:2)
  4 dart slugs
  86 orcs
  5 endoplasms
  2 giant cockroaches
  12 goblins
  8 hobgoblins
  3 jackals (D:5)
  11 kobolds
  4 quokkas
  3 ball pythons
  7 bats
  3 frilled lizards
  9 rats
680 creatures vanquished.

Vanquished Creatures (others)
  32 fungi
  38 plants
70 creatures vanquished.

Grand Total: 750 creatures vanquished

Notes
Turn   | Place    | Note
-------+----------+-------------------------------------------
     0 | D:1      | Goblin1989 the Tengu Fighter began the quest for the Orb.
     0 | D:1      | Reached XP level 1. HP: 14/14 MP: 2/2
   115 | D:1      | Found a faded altar of an unknown god.
   153 | D:1      | Reached XP level 2. HP: 19/19 MP: 3/3
   621 | D:2      | Noticed Terence
   721 | D:2      | Reached skill level 1 in Dodging
   724 | D:2      | Reached XP level 3. HP: 23/23 MP: 4/4
   808 | D:2      | Reached skill level 3 in Long Blades
   886 | D:2      | Killed Terence
   887 | D:2      | Reached XP level 4. HP: 15/28 MP: 5/5
  1313 | D:3      | Noticed Natasha
  1318 | D:3      | Killed Natasha
  1378 | D:3      | Noticed Grinder
  1509 | D:3      | Gained mutation: Your magical nature lets you fly swiftly
                  | and evasively. [Tengu growth]
  1509 | D:3      | Reached XP level 5. HP: 22/32 MP: 6/6
  1509 | D:3      | Killed Grinder
  1510 | D:3      | Reached skill level 4 in Long Blades
  1510 | D:3      | Reached XP level 6. HP: 27/38 MP: 7/7
  2485 | D:3      | Noticed Jessica
  2486 | D:3      | Noticed Natasha
  2490 | D:3      | Killed Jessica
  2492 | D:3      | Killed Natasha
  2567 | D:4      | Reached XP level 7. HP: 43/43 MP: 8/8
  2613 | D:4      | Found a staircase to the Ecumenical Temple.
  2738 | D:3      | Reached skill level 1 in Short Blades
  3016 | Temple   | Entered the Ecumenical Temple
  3106 | Temple   | Became a worshipper of Warmaster Okawaru
  3330 | D:4      | Identified the +1 robe "Patusso" {rElec Will+}
  3657 | D:5      | Entered Level 5 of the Dungeon
  3694 | D:5      | Reached skill level 1 in Evocations
  3896 | D:5      | Found Xeopuochi's General Store.
  4133 | D:5      | Bought a scroll of identify for 28 gold pieces
  4133 | D:5      | Bought a scroll of amnesia for 49 gold pieces
  4133 | D:5      | Bought a potion of heal wounds for 70 gold pieces
  4306 | D:5      | Found a hide-covered altar of Uskayaw.
  4635 | D:6      | Reached skill level 5 in Armour
  4648 | D:6      | Noticed a hornet
  4653 | D:6      | Reached * piety under Okawaru
  4654 | D:6      | Reached XP level 8. HP: 39/48 MP: 9/9
  4667 | D:6      | Killed a hornet
  5038 | D:6      | Reached ** piety under Okawaru
  5039 | D:6      | Reached skill level 5 in Fighting
  5159 | D:6      | Reached skill level 1 in Invocations
  5297 | D:6      | Reached skill level 5 in Short Blades
  5722 | D:6      | Noticed Eustachio
  5734 | D:6      | Killed Eustachio
  5735 | D:6      | Reached XP level 9. HP: 50/54 MP: 9/11
  5839 | D:7      | Found Qaniriqosi's Weapon Shoppe.
  6021 | D:7      | Reached skill level 5 in Dodging
  6193 | D:7      | Reached *** piety under Okawaru
  6270 | D:7      | Noticed Harold
  6351 | D:7      | Found Duzucejo's Weapon Shoppe.
  6387 | D:7      | Killed Harold
  6590 | D:7      | Found Meshyit's Distillery.
  6683 | D:7      | Noticed Joseph
  7029 | D:8      | Reached **** piety under Okawaru
  7030 | D:8      | Reached XP level 10. HP: 54/60 MP: 13/13
  7301 | D:7      | Bought a potion of degeneration for 12 gold pieces
  7301 | D:7      | Bought a potion of magic for 96 gold pieces
  7301 | D:7      | Bought a potion of flight for 36 gold pieces
  7301 | D:7      | Bought a potion of attraction for 36 gold pieces
  7301 | D:7      | Bought a potion of cancellation for 96 gold pieces
  8690 | D:9      | Noticed a kobold demonologist
  8693 | D:9      | Killed a kobold demonologist
  8694 | D:9      | Reached skill level 5 in Long Blades
  8863 | D:10     | Entered Level 10 of the Dungeon
  8891 | D:10     | Noticed a two-headed ogre
  8911 | D:10     | Killed a two-headed ogre
  8913 | D:10     | Reached ***** piety under Okawaru
  8936 | D:10     | Found a flagged portal.
  8946 | Bailey   | Entered a bailey
  9276 | Bailey   | Reached skill level 6 in Long Blades
  9650 | Bailey   | HP: 2/63 [centaur/javelin (10)]
  9946 | Bailey   | Reached XP level 11. HP: 41/67 MP: 15/15
 10221 | Bailey   | Reached skill level 7 in Long Blades
 10454 | D:10     | Noticed a seven-headed hydra
 10461 | D:10     | Killed a seven-headed hydra
 10461 | D:10     | Identified the +12 long sword of the Hawk {god gift, drain,
                  | Fly Str+5} (Okawaru gifted it to you on level 10 of the
                  | Dungeon)
 10461 | D:10     | Received a gift from Okawaru
 11019 | D:11     | You are sucked into a shaft and drop 1 floor!
 11039 | D:12     | Noticed a boulder beetle
 11077 | D:12     | Killed a boulder beetle
 11078 | D:12     | Reached skill level 8 in Long Blades
 11143 | D:12     | Noticed a skeletal warrior
 11144 | D:12     | Noticed a skeletal warrior
 11145 | D:12     | Noticed a skeletal warrior
 11413 | D:11     | Found a staircase to the Lair.
 11413 | D:11     | Noticed a two-headed ogre
 11422 | D:11     | Reached skill level 5 in Invocations
 11439 | D:11     | Killed a two-headed ogre
 11442 | D:11     | Noticed a two-headed ogre
 11580 | D:11     | Killed a two-headed ogre
 11676 | D:11     | Noticed Psyche
 11719 | D:11     | Killed Psyche
 11719 | D:11     | Received a gift from Okawaru
 11892 | D:11     | Reached skill level 9 in Long Blades
 11892 | D:11     | Reached skill level 10 in Armour
 12007 | D:11     | Noticed Erica
 12023 | D:11     | Killed Erica
 12024 | D:11     | Reached XP level 12. HP: 73/75 MP: 17/17
 12090 | D:11     | Found a portal to a secret trove of treasure.
 12327 | Lair:1   | Entered Level 1 of the Lair of Beasts
 12521 | Lair:1   | Noticed an eight-headed hydra
 12538 | Lair:1   | Killed a four-headed hydra
 12739 | Lair:1   | Noticed a five-headed hydra
 12745 | Lair:1   | Killed a two-headed hydra
 12780 | Lair:1   | Reached skill level 10 in Long Blades
 12933 | Lair:1   | Reached skill level 1 in Throwing
 13141 | Lair:1   | Identified the +2 hat of the Iron Devil {god gift, Rampage
                  | Int+4 Dex+4} (Okawaru gifted it to you on level 1 of the
                  | Lair of Beasts)
 13141 | Lair:1   | Received a gift from Okawaru
 13340 | Lair:1   | Noticed a six-headed hydra
 13346 | Lair:1   | Killed a two-headed hydra
 13579 | Lair:2   | Noticed a four-headed hydra
 13585 | Lair:2   | Killed a one-headed hydra
 13589 | Lair:2   | Reached ****** piety under Okawaru
 13696 | Lair:2   | Noticed a six-headed hydra
 13717 | Lair:2   | Killed a two-headed hydra
 13755 | Lair:2   | Found a hole to the Spider Nest.
 14011 | Lair:2   | Reached skill level 11 in Long Blades
 14160 | Lair:2   | Reached XP level 13. HP: 80/80 MP: 17/19
 14413 | Lair:2   | Found a staircase to the Shoals.
 14424 | Lair:2   | Received a gift from Okawaru
 14526 | Lair:3   | Reached skill level 10 in Dodging
 14974 | Lair:3   | Found the +3 crown of Dyrovepreva {rElec Int+2 SInv}
 15414 | Lair:4   | Noticed Urug
 15459 | Lair:4   | Killed Urug
 15612 | Lair:4   | Found a shimmering altar of Xom.
 15714 | Lair:4   | Identified the +6 chain mail of Nicatyho {god gift, Fly
                  | Will+ SInv} (Okawaru gifted it to you on level 4 of the
                  | Lair of Beasts)
 15714 | Lair:4   | Received a gift from Okawaru
 15719 | Lair:4   | Reached skill level 12 in Long Blades
 15850 | Lair:4   | Reached skill level 10 in Fighting
 16656 | Lair:5   | Reached skill level 5 in Throwing
 17125 | Lair:5   | Reached XP level 14. HP: 88/88 MP: 20/20
 17935 | Lair:6   | Entered Level 6 of the Lair of Beasts
 17942 | Lair:6   | Reached skill level 13 in Long Blades
 17946 | Lair:6   | Received a gift from Okawaru
 18215 | Lair:6   | Found a viscous altar of Jiyva.
 18215 | Lair:6   | Found a staircase to the Slime Pits.
 19221 | Lair:6   | Reached skill level 14 in Long Blades
 19251 | Lair:6   | Received a gift from Okawaru
 20049 | D:12     | Found a staircase to the Orcish Mines.
 20228 | D:12     | Identified 3 scrolls of acquirement
 20237 | D:12     | Acquired the +11 rapier of Omoalomp {vorpal, Will+}
 20241 | D:12     | Acquired 1026 gold pieces
 20242 | D:12     | Acquired a manual of Throwing
 20386 | D:12     | Reached XP level 15. HP: 65/94 MP: 22/22
 20642 | D:12     | Noticed Snorg
 20650 | D:12     | Killed Snorg
 21429 | Orc:1    | Entered Level 1 of the Orcish Mines
 21580 | Orc:2    | Entered Level 2 of the Orcish Mines
 21636 | Orc:2    | Found a staircase to the Elven Halls.
 22183 | Orc:2    | Found Lainuov's Magic Scroll Shop.
 22323 | Orc:2    | Noticed Sonja
 22341 | Orc:2    | Killed Sonja
 22521 | Orc:2    | Noticed an orc warlord
 22562 | Orc:2    | Killed an orc warlord
 22630 | Orc:2    | Noticed Nergalle
 22657 | Orc:2    | Gained mutation: You occasionally shout uncontrollably at
                  | your foes. [a neqoxec]
 22684 | Orc:2    | Killed Nergalle
 22709 | Orc:2    | Received a gift from Okawaru
 22710 | Orc:2    | Reached skill level 15 in Long Blades
 23329 | Orc:2    | Found Hiehauti's Antique Weapon Shop.
 23440 | Orc:2    | Found Atusec's Antique Armour Shop.
 23484 | Orc:2    | Received a gift from Okawaru
 23938 | Orc:2    | Found Zenokhle's Book Shop.
 23953 | Orc:2    | Found Wilyf's General Store.
 24267 | D:13     | Identified the +7 flail of the Disturbing Beds {holy,
                  | +Blink}
 24465 | D:13     | Noticed Frances
 24477 | D:13     | Killed Frances
 24862 | D:13     | Acquired a manual of Fighting
 24879 | D:13     | Identified the +8 hand axe of Infection {speed, *Rage rPois
                  | rC+}
 24963 | D:13     | Noticed Josephine
 24971 | D:13     | Killed Josephine
 25804 | D:14     | Acquired 486 gold pieces
 25921 | D:14     | Received a gift from Okawaru
 26074 | D:14     | Noticed Kirke
 26082 | D:14     | Killed Kirke
 26090 | D:14     | Received a gift from Okawaru
 26164 | D:14     | Found a gate to the Vaults.
 26181 | D:14     | Reached skill level 5 in Shields
 26502 | D:14     | Reached XP level 16. HP: 103/103 MP: 24/24
 27142 | D:15     | Entered Level 15 of the Dungeon
 27256 | D:15     | Found a staircase to the Depths.
 27325 | D:15     | Reached skill level 10 in Invocations
 27701 | D:15     | Found a runed translucent door.
 27702 | D:15     | Noticed Tenar's ghost (journeyman DsEE)
 27732 | D:15     | Identified the +6 chain mail "Surouv" {rN+}
 27991 | D:15     | Noticed Louise
 28012 | D:15     | Killed Louise
 28131 | D:15     | Found a hide-covered altar of Uskayaw.
 28173 | D:15     | Paralysed by a floating eye for 2 turns
 28593 | Spider:1 | Entered Level 1 of the Spider Nest
 28601 | Spider:1 | Noticed Asterion
 28617 | Spider:1 | Gained mutation: You sometimes lose the ability to read
                  | scrolls when taking damage. [a cacodemon]
 28618 | Spider:1 | Slain by Asterion

Illustrated notes

Levels and vault maps discovered:
D:1:      saegor_arrival_simple_c, layout_basic, basic_ecumenical_altar,
          st_stairs_5, lemuel_old_faithful
D:2:      layout_rooms, roderic_nine_men_s_morris, minmay_circle_x, uniq_terence
D:3:      layout_basic, minmay_misc_feat_roman, nrook_uturn, st_stairs_10,
          uniq_natasha, uniq_jessica, uniq_grinder
D:4:      layout_rooms, minmay_temple_entry_arrows, due_unseen_surprise
D:5:      layout_cave_pools, mainiacjoe_overflow_cross_hatched, serial_shops,
          shop_fountains
D:6:      layout_loops_ring, uniq_eustachio
D:7:      layout_rooms, serial_shops, nicolae_take_the_stairs,
          nicolae_shop_bloodbath_and_beyond, shop,
          hellmonk_guarded_unrand_vines, uniq_harold, uniq_joseph, uniq_duvessa
D:8:      layout_loops_cross
D:9:      layout_loops_ring, nicolae_wwwww
D:10:     layout_rooms, enter_bailey_5
D:11:     layout_roguey, erik_lair_orcish_takeover, enter_trove_0, uniq_erica,
          uniq_psyche
D:12:     layout_layer_cave, orc_0_dummy, uniq_snorg
D:13:     layout_basic, uniq_frances, uniq_josephine
D:14:     layout_roguey, skrybe_vaults_entry_preservation, uniq_kirke
D:15:     grunt_enter_depths_hoard, layout_long_grid, serial_bayou_shore_b,
          gammafunk_ghost_grave, nicolae_uskayaw_dance_hall, uniq_louise
Temple:   mainiacjoe_temple_archimedes_tessellation
Lair:1:   layout_loops_ring
Lair:2:   layout_concentric_octagons, minmay_shoals_entry_lonely_mermaid,
          spider_nest_entry_a
Lair:3:   layout_chaotic_city, cheibrodos_lair_caveside_slide,
          beast_lair_carwin_9
Lair:4:   minmay_lair_oklob_chamber, layout_gridlike, basic_altar,
          grunt_megastairs_1, uniq_urug
Lair:5:   layout_layer_cave, serial_bayou_shore_b, grunt_megastairs_3
Lair:6:   minmay_lair_end_enchanted_forest, layout_loops_ring,
          dpeg_slime_entry_enclosed_altar
Spider:1: layout_spider_delve, portal_ice_cave_entry_pillars_four, uniq_asterion
Orc:1:    layout_caves
Orc:2:    grunt_orc_cross, layout_caves, serial_shops, shop,
          nicolae_orc_crystal_geode, uniq_sonja

Skill      XL: |  1  2  3  4  5  6  7  8  9 10 11 12 13 14 15 16 |
---------------+-------------------------------------------------+-----
Dodging        | 1 2 3 4 5 7 8 9 10 11 12 13 | 13.2
Long Blades    | 3 4 6 9 11 12 14 15 | 15.3
Armour         | 4 5 6 8 10 11 12 13 14 | 14.0
Shields        | 4 5 6 |  6.9
Fighting       | 4 5 6 7 8 9 10 11 12 13 | 13.1
Short Blades   | 3 5 7 |  7.2
Evocations     | 1 3 4 |  4.0
Invocations    | 1 3 4 5 6 7 8 9 10 | 10.2
Throwing       | 3 5 7 8 9 |  9.9

Action                   |  1- 3 |  4- 6 |  7- 9 | 10-12 | 13-15 | 16-18 || total
-------------------------+-------+-------+-------+-------+-------+-------++-------
Melee: Long sword        |    66 |     1 |       |   205 |  1001 |   143 ||  1416
       Kick              |    12 |    18 |    81 |   246 |   421 |    61 ||   839
       Peck              |     7 |     6 |    57 |   163 |   249 |    44 ||   526
       Short sword       |       |    76 |   276 |   127 |       |       ||   479
       Quick blade       |       |       |       |   293 |       |       ||   293
       Scimitar          |       |       |       |    21 |    23 |       ||    44
Throw: Boomerang         |       |       |       |       |    20 |    20 ||    40
Invok: Heroism           |       |       |     5 |     6 |    19 |     2 ||    32
       Finesse           |       |       |       |     1 |     6 |     1 ||     8
Evoke: Wand              |       |       |     1 |    13 |       |       ||    14
  Use: Potion            |       |       |     1 |     1 |       |       ||     2
       Scroll            |       |       |     5 |    18 |    13 |     2 ||    38
 Stab: Confused          |       |       |       |     2 |       |       ||     2
Armor: Scale mail        |    23 |    29 |    78 |     6 |       |       ||   136
       Plate armour      |       |       |       |   309 |    34 |       ||   343
       Skin              |       |       |       |    11 |       |       ||    11
       Chain mail        |       |       |       |       |   342 |    67 ||   409
Dodge: Dodged            |    20 |    38 |   120 |   256 |   494 |   101 ||  1029
Block: Buckler           |    15 |    16 |    35 |   107 |    46 |       ||   219
       Kite shield       |       |       |       |       |   299 |    68 ||   367
       Tower shield      |       |       |       |       |       |    30 ||    30

Table legend: (Time is in decaauts)
 A = Elapsed time spent in this place.
 B = Non-inter-level travel time spent in this place.
 C = Inter-level travel time spent in this place.
 D = Time resting spent in this place.
 E = Time spent auto-exploring this place.
 F = Levels seen in this place.
 G = Mean time per level.
                   A        B        C        D        E       F      G
               +--------+--------+--------+--------+--------+-----+--------+
         Total |  26574 |  25488 |   1086 |   3641 |  17436 |  26 | 1022.1 |
       Dungeon |  15501 |  14774 |    727 |   1840 |  10548 |  15 | 1033.4 |
        Temple |    225 |    197 |     28 |      0 |    174 |   1 |  225.0 |
          Lair |   7108 |   6876 |    232 |    409 |   5316 |   6 | 1184.7 |
   Spider Nest |     24 |     24 |      0 |      0 |      0 |   1 |   24.0 |
  Orcish Mines |   2528 |   2431 |     97 |    842 |   1108 |   2 | 1264.0 |
        Bailey |   1186 |   1186 |      0 |    550 |    288 |   1 | 1186.0 |
               +--------+--------+--------+--------+--------+-----+--------+

Top non-repeatable levels by time:
  Lair:6: 1828 daAuts
    D:13: 1551 daAuts
   Orc:2: 1534 daAuts
    D:12: 1466 daAuts
     D:3: 1426 daAuts
    D:14: 1347 daAuts
     D:6: 1299 daAuts
  Lair:5: 1273 daAuts
  Lair:1: 1194 daAuts
  Bailey: 1186 daAuts
    D:15: 1177 daAuts
    D:11: 1144 daAuts
  Lair:4: 1083 daAuts
     D:7: 1057 daAuts
     D:8: 1051 daAuts
